 Dungeon Crawl Stone Soup version 0.22.0 (webtiles) character file.

1538 Lew the Cudgeler (level 8, -1/51 HPs)
             Began as a Gargoyle Fighter on Aug 11, 2018.
             Was an Initiate of Ashenzari.
             Slain by a black bear (5 damage)
             ... on level 6 of the Dungeon.
             The game lasted 00:18:30 (5534 turns).

Lew the Cudgeler (Gargoyle Fighter)                 Turns: 5534, Time: 00:18:31

Health: -1/51      AC: 14    Str: 26    XL:     8   Next: 86%
Magic:  17/17      EV:  8    Int: 13    God:    Ashenzari [......]
Gold:   78         SH: 12    Dex: 11    Spells: 7/7 levels left

rFire    . . .     SeeInvis .   a - +1 flail
rCold    . . .     Gourm    .   c - +1 shield (curse)
rNeg     + . .     Faith    .   b - +0 scale mail
rPois    ∞         Spirit   .   l - +0 helmet (curse)
rElec    +         Reflect  .   m - +1 cloak (curse)
rCorr    .         Harm     .   (no gloves)
MR       .....                  r - +0 pair of boots (curse)
Stlth    +.........             g - amulet of magic regeneration
HPRegen  0.17/turn              s - ring of magical power
MPRegen  0.40/turn              (no ring)

@: mighty, brilliant, corroded, very slightly contaminated, invisible
A: hooves 1, camouflage 1, negative energy resistance 1, electricity resistance,
unbreathing, petrification resistance, rot immunity, AC +5
a: Curse Item, Renounce Religion


You were on level 6 of the Dungeon.
You worshipped Ashenzari.
Ashenzari was noncommittal.
You were not hungry.

You visited 2 branches of the dungeon, and saw 7 of its levels.

You collected 258 gold pieces.
You spent 180 gold pieces at shops.

Inventory:

Hand Weapons
 a - a +1 flail (weapon)
Armour
 b - a +0 scale mail (worn)
 c - a cursed +1 shield (worn)
 l - a cursed +0 helmet (worn)
 m - a cursed +1 cloak (worn)
 r - a cursed +0 pair of boots (worn)
Jewellery
 g - an amulet of magic regeneration (around neck)
 s - a ring of magical power (left hand)
Wands
 k - a wand of random effects (29)
Scrolls
 e - 3 scrolls of teleportation
 h - 2 scrolls of remove curse
 i - a scroll of fog
 j - 6 scrolls of identify
 o - 2 scrolls of magic mapping
Potions
 d - a potion of might
 q - 2 potions of curing
Comestibles
 f - 2 rations


   Skills:
 + Level 6.2 Fighting
 * Level 7.1 Maces & Flails
 + Level 6.2 Armour
 + Level 6.2 Shields


You had 7 spell levels left.
You didn't know any spells.
Your spell library was empty.

Dungeon Overview and Level Annotations

Branches:
Dungeon (6/15)             Temple (1/1) D:5

Altars:
Ashenzari
Cheibriados
Dithmenos
Elyvilon
Fedhas
Gozag
Hepliaklqana
Kikubaaqudgha
Nemelex Xobeh
Okawaru
Qazlal
Ru
Sif Muna
Trog
Uskayaw
Vehumet
Wu Jian
Xom
Yredelemnul
Zin

Shops:
D:5 ?


Innate Abilities, Weirdness & Mutations

You are resistant to torment.
Your stone body is resilient. (AC +5)
You are immune to poison.
You resist negative energy. (rN+)
You are resistant to electric shocks. (rElec)
You can survive without breathing.
You are immune to petrification.
You are immune to rotting.
You have large cloven feet.
Your skin changes colour to match your surroundings (Stealth+).


Message History

The black bear growls angrily.
The orc priest barely misses you.
You hit the orc priest.
The orc priest is almost dead.
The orc priest zaps a wand.
The bolt of acid hits you! The acid corrodes you!
You are splashed with acid!
The acid burns!
* * * LOW HITPOINT WARNING * * *
You sock the orc priest!
You kill the orc priest!
It was a potion of mutation.
You feel extremely strange.
Your feet thicken and deform.
Your skin functions as natural camouflage.
It was a potion of invisibility.
You fade into invisibility!
You are very lightly contaminated with residual magic.
It was a potion of brilliance.
You feel clever all of a sudden.
You feel mightier all of a sudden. The black bear bites you.
You die...

..# #.# #§.§# #.#
#...# #<# .##
#§.§# #.# ....
#...# #.# .....
###'####.#
#...####.....##.#
#.h@.((.......#
###
###).#.(...#..#
### ..####
#.####'####.# #..
#.... #.. #...#
#.# #.. #...####
##. #§.§#
#.####.. ##.#....
###...# #.##....
##...(.# #§.§#
#.>...## .....#.#
#####
#._.##...##### .
#.##)####.....
#§.§##........


You could see a black bear.

Vanquished Creatures
  2 ice beasts
  5 phantoms
  An ogre (D:6)
  A centaur (D:6)
  A scorpion (D:3)
  A howler monkey (D:4)
  4 crimson imps
  A bullfrog zombie (D:5)
  2 orc priests (D:6)
  3 iguanas
  A worker ant (D:3)
  A hound skeleton (D:5)
  8 gnolls
  15 adders
  3 worms (D:2)
  2 dart slugs (D:1)
  6 leopard geckos
  11 orcs
  2 giant cockroaches (D:2)
  7 goblins
  8 hobgoblins
  7 jackals (D:4)
  3 quokkas
  A ball python (D:5)
  3 bats
  2 frilled lizards
  8 kobolds
  A leopard gecko zombie (D:5)
  11 rats
121 creatures vanquished.

Vanquished Creatures (others)
  An orc (D:6)
1 creature vanquished.

Grand Total: 122 creatures vanquished

Notes
Turn   | Place    | Note
-------+----------+-------------------------------------------
     0 | D:1      | Lew the Gargoyle Fighter began the quest for the Orb.
     0 | D:1      | Reached XP level 1. HP: 14/14 MP: 1/1
   191 | D:1      | Reached XP level 2. HP: 19/19 MP: 2/2
   658 | D:2      | Reached XP level 3. HP: 16/23 MP: 3/3
  1033 | D:2      | Reached skill level 3 in Maces & Flails
  1038 | D:2      | Reached XP level 4. HP: 21/29 MP: 4/4
  1353 | D:2      | Noticed a moth of wrath
  1356 | D:2      | Found a bloodstained altar of Trog.
  1954 | D:3      | Reached XP level 5. HP: 27/33 MP: 5/5
  2047 | D:3      | Reached skill level 4 in Maces & Flails
  2171 | D:3      | Reached XP level 6. HP: 38/38 MP: 6/6
  2386 | D:3      | Found a shimmering altar of Xom.
  2405 | D:3      | Paralysed by a crimson imp for 6 turns
  3523 | D:4      | Noticed a phantom
  3578 | D:4      | Killed a phantom
  3578 | D:4      | Reached XP level 7. HP: 33/44 MP: 7/7
  3652 | D:4      | Reached skill level 5 in Maces & Flails
  3652 | D:4      | Reached skill level 5 in Armour
  3752 | D:4      | Reached skill level 5 in Fighting
  3752 | D:4      | Reached skill level 5 in Shields
  4008 | D:5      | Entered Level 5 of the Dungeon
  4043 | D:5      | Found an opulent altar of Gozag.
  4058 | D:5      | Found a staircase to the Ecumenical Temple.
  4075 | Temple   | Entered the Ecumenical Temple
  4420 | D:5      | Reached skill level 6 in Maces & Flails
  4420 | D:5      | Reached XP level 8. HP: 36/50 MP: 8/8
  4541 | D:5      | Found a shattered altar of Ashenzari.
  4559 | D:5      | Found a glowing silver altar of Zin.
  4573 | D:5      | Found a shadowy altar of Dithmenos.
  4626 | D:5      | Found Alexip's Magic Scroll Shop.
  4629 | D:5      | Bought a scroll of remove curse for 36 gold pieces
  4629 | D:5      | Bought 2 scrolls of remove curse for 72 gold pieces
  4629 | D:5      | Bought a scroll of identify for 24 gold pieces
  4629 | D:5      | Bought a scroll of identify for 24 gold pieces
  4629 | D:5      | Bought a scroll of identify for 24 gold pieces
  4744 | D:5      | Found an ornate altar of the Wu Jian Council.
  4847 | D:5      | Became a worshipper of Ashenzari the Shackled
  4894 | D:6      | Found a radiant altar of Vehumet.
  4958 | D:6      | Found a stormy altar of Qazlal.
  4959 | D:6      | Noticed an air elemental
  4959 | D:6      | Noticed a water elemental
  5280 | D:6      | Paralysed by a gnoll for 3 turns
  5481 | D:6      | Reached skill level 7 in Maces & Flails
  5505 | D:6      | Found a basalt altar of Yredelemnul.
  5531 | D:6      | Gained mutation: You have large cloven feet. [potion of mutation]
  5531 | D:6      | Gained mutation: Your skin changes colour to match your surroundings (Stealth+). [potion of mutation]
  5534 | D:6      | Slain by a black bear

Skill      XL: |  1  2  3  4  5  6  7  8 |
---------------+-------------------------+-----
Maces & Flails | 3 4 6 7 |  7.1
Armour         | 4 5 6 |  6.2
Fighting       | 4 5 6 |  6.2
Shields        | 4 5 6 |  6.2

Action                   |  1- 3 |  4- 6 |  7- 9 || total
-------------------------+-------+-------+-------++-------
Melee: Flail             |    85 |   364 |   259 ||   708
Invok: Curse Item        |       |       |     4 ||     4
  Use: Scroll            |       |    10 |     5 ||    15
       Potion            |       |     7 |     5 ||    12
  Eat: Ration            |     1 |     1 |     2 ||     4
       Chunk             |       |     2 |     2 ||     4
Armor: Scale mail        |    48 |   218 |   153 ||   419
Dodge: Dodged            |    23 |   134 |    88 ||   245
Block: Shield            |    41 |   237 |   163 ||   441
